 Dungeon Crawl Stone Soup version 0.29.1-4-g47bece8355 (webtiles) character file.

Game seed: 10556232923172759160

3 fantasyman the Grave Robber (level 1, -2/14 HPs)
             Began as a Demigod Necromancer on Dec 3, 2022.
             Slain by a hobgoblin (3 damage)
             ... on level 1 of the Dungeon.
             The game lasted 00:00:20 (256 turns).

fantasyman the Grave Robber (Demigod Necromancer)    Turns: 256, Time: 00:00:21

Health: -2/14      AC:  2    Str:  9    XL:     1   Next: 33%
Magic:  0/5        EV: 12    Int: 17    God:
Gold:   0          SH:  0    Dex: 14    Spells: 2/3 levels left

rFire   . . .      SeeInvis .   (no weapon)
rCold   . . .      Faith    .   (no shield)
rNeg    . . .      Spirit   .   a - +0 robe
rPois   .          Reflect  .   (no helmet)
rElec   .          Harm     .   (no cloak)
rCorr   .          Rampage  .   (no gloves)
Will    .....                   (no boots)
Stlth   ++........              (no amulet)
HPRegen 0.04/turn               (no ring)
MPRegen 0.09/turn               (no ring)

@: no status effects
A: high MP 1, forlorn, divine attributes
a: no special abilities


You were on level 1 of the Dungeon.
You visited 1 branch of the dungeon, and saw 1 of its levels.

Inventory:

Armour
 a - a +0 robe (worn)
Scrolls
 c - a scroll of immolation {unknown}
 d - a scroll of identify {unknown}
Potions
 b - a potion of magic


   Skills:
 + Level 1.7 Dodging
 + Level 1.8 Stealth
 + Level 1.8 Spellcasting
 + Level 3.7 Necromancy


You had 2 spell levels left.
You knew the following spells:

 Your Spells              Type           Power      Damage    Failure   Level
a - Necrotise             Necr           56%        1d6       4%          1

Your spell library contained the following spells:

 Spells                   Type           Power      Damage    Failure   Level
 Vampiric Draining        Necr           14%        2d7       13%         3
 Animate Dead             Necr           14%        N/A       38%         4
 Agony                    Necr           14%        N/A       75%         5


Dungeon Overview and Level Annotations

Branches:
Dungeon (1/15)

Shops:
D:1 :


Innate Abilities, Weirdness & Mutations

You have an increased reservoir of magic. (+10% MP)
You shall have no god before yourself.
Your divine heritage dramatically boosts your attributes as you level up.


Message History

A bat is nearby!
A bat is nearby!
A kobold and a hobgoblin come into view.
Found a stone staircase leading down.
The kobold shouts!
The bat writhes in agony.
Your frilled lizard skeleton crumbles into dust!
The bat hits you but does no damage.
You miscast Necrotise.
You are very lightly contaminated with residual magic.
Nothing appears to happen.
The bat closely misses you. The hobgoblin barely misses you.
The bat barely resists.
The bat barely misses you. The bat hits you. The hobgoblin hits you.
The kobold writhes in agony.
You kill the kobold!
The dead are walking!
The bat hits you but does no damage.
The hobgoblin hits you but does no damage.
The hobgoblin writhes in agony.
The bat hits your kobold skeleton. The hobgoblin barely misses you.
The hobgoblin attacks as you move away! The hobgoblin hits you.
The bat barely misses your kobold skeleton.
The bat hits your kobold skeleton.
Your kobold skeleton barely misses the hobgoblin.
The bat hits your kobold skeleton. The hobgoblin attacks as you move away!
The hobgoblin hits you.
The bat barely misses your kobold skeleton.
Your kobold skeleton hits the hobgoblin but does no damage.
The bat hits your kobold skeleton. The hobgoblin attacks as you move away!
The hobgoblin hits you.
* * * LOW HITPOINT WARNING * * *
The bat hits your kobold skeleton.
Your kobold skeleton barely misses the hobgoblin.
Your magical contamination has completely faded away.
The hobgoblin attacks as you move away! The hobgoblin hits you.
* * * LOW HITPOINT WARNING * * *
The bat hits your kobold skeleton.
Your kobold skeleton is destroyed!
The hobgoblin attacks as you move away! The hobgoblin hits you.
You die...

############..#
#.....##.##..#
##########.........#.#####
....>.......#.#..........
..$.....##............... #
#.........#.##.##..##.# ...
#..b......#.##..#.###..
.....#).......#..###....####
..........g@....## ###...#
.>...#......#.### #.#.# ...
#..#..##.# #.#... #
#..#..#..# ..#....
...#.....## ... #..
####).#.##. ... ## #....# .
.... ..##..


You could see a hobgoblin and a bat.

Vanquished Creatures
  A kobold (D:1)
  A ball python (D:1)
  A frilled lizard (D:1)
  A rat (D:1)
4 creatures vanquished.

Notes
Turn   | Place    | Note
-------+----------+-------------------------------------------
     0 | D:1      | fantasyman the Demigod Necromancer began the quest for the
                  | Orb.
     0 | D:1      | Reached XP level 1. HP: 14/14 MP: 5/5
   141 | D:1      | Found Ebromuo's Vocational Training.
   256 | D:1      | Slain by a hobgoblin

Illustrated notes

Levels and vault maps discovered:
D:1:      lemuel_arrival_behind_the_door_large, layout_rooms, serial_curves,
          eino_curves_02, eino_curves_04, eino_curves_03, eino_curves_02,
          st_stairs_3, kennysheep_doodads, nicolae_shop_vocational

Action                   || total
-------------------------++-------
 Cast: Necrotise         ||    10
Armor: Robe              ||     3
Dodge: Dodged            ||     5
